 Dungeon Crawl Stone Soup version 0.30-a0-7-g94fe547ab8 (webtiles) character file.

Game seed: 7313152855204004543

129 Plasmagod the Trooper (level 4, 0/45 HPs)
             Began as a Minotaur Monk on Aug 23, 2022.
             Was an Elder of Cheibriados.
             Slain by a gnoll
             ... wielding a +0 spear
              (1 damage)
             ... on level 3 of the Dungeon.
             The game lasted 00:03:25 (2668 turns).

Plasmagod the Trooper (Minotaur Monk)               Turns: 2668, Time: 00:03:27

Health: 0/45       AC: 10    Str: 26    XL:     4   Next: 88%
Magic:  0/3        EV: 10    Int: 16    God:    Cheibriados [****..]
Gold:   169        SH:  0    Dex: 22    Spells: 3/3 levels left

rFire   . . .      SeeInvis .    a - +0 hand axe
rCold   . . .      Faith    .    (no shield)
rNeg    . . .      Spirit   +    e - +0 chain mail
rPois   .          Reflect  .    (helmet restricted)
rElec   .          Harm     .    o - +0 cloak
rCorr   .          Rampage  .    (no gloves)
Will    .....                    b - +0 pair of boots
Stlth   ..........               u - amulet of guardian spirit
HPRegen 0.15/turn                (no ring)
MPRegen 0.08/turn                (no ring)

@: very slow
A: horns 2, retaliatory headbutt
a: Renounce Religion, Bend Time, Temporal Distortion, Slouch


You were on level 3 of the Dungeon.
You worshipped Cheibriados.
Cheibriados was greatly pleased with you.
You visited 1 branch of the dungeon, and saw 3 of its levels.

You collected 169 gold pieces.

Inventory:

Hand Weapons
 a - a +0 hand axe (weapon)
Armour
 b - a +0 pair of boots (worn)
 e - a +0 chain mail (worn)
 o - a +0 cloak (worn)
Jewellery
 u - an amulet of guardian spirit (around neck)
 w - a +4 ring of evasion
Wands
 n - a wand of flame (20)
Scrolls
 d - a scroll of fear {unknown}
 f - 4 scrolls of identify {unknown}
 g - 2 scrolls of blinking {unknown}
 i - 2 scrolls of torment {unknown}
 k - a scroll of vulnerability {unknown}
 m - 2 scrolls of noise {unknown}
 p - a scroll of poison {unknown}
 t - a scroll of teleportation {unknown}
 v - a scroll of enchant armour {unknown}
Potions
 c - a potion of ambrosia
 h - a potion of heal wounds {unknown}
 j - a potion of magic {unknown}
 l - 2 potions of curing {unknown}
 q - a potion of invisibility {unknown}
 r - a potion of haste {unknown}
 s - a potion of might {unknown}


   Skills:
 + Level 6.8 Fighting
 - Level 3.6 Axes
 - Level 3.2 Dodging
 - Level 1.5 Stealth


You had 3 spell levels left.
You didn't know any spells.
Your spell library contained the following spells:

 Spells                   Type           Power      Damage    Failure   Level
 Ignite Poison            Fire/Tmut/Pois 0%         N/A       99%         3
 Mephitic Cloud           Conj/Pois/Air  0%         N/A       99%         3
 Ozocubu's Armour         Ice            0%         N/A       99%         3
 Freezing Cloud           Conj/Ice/Air   0%         6-21      100%        5
 Metabolic Englaciation   Hex/Ice        0%         N/A       100%        5
 Simulacrum               Ice/Necr       0%         N/A       100%        6


Dungeon Overview and Level Annotations

Branches:
Dungeon (3/15)

Altars:
Cheibriados


Innate Abilities, Weirdness & Mutations

You have a pair of horns on your head.
You reflexively headbutt those who attack you in melee.


Message History

You hit the gnoll.
The gnoll is almost dead.
The gnoll hits you from afar with a +0 spear.
* * * LOW HITPOINT WARNING * * *
The gnoll barely misses you. x2
You slash the gnoll!
You kill the gnoll!
Cheibriados appreciates the change of pace.
The gnoll hits you from afar with a +0 spear.
* * * LOW HITPOINT WARNING * * *
The gnoll hits you but does no damage.
The gnoll hits you from afar with a +0 spear.
* * * LOW HITPOINT WARNING * * *
The gnoll hits you but does no damage.
The gnoll hits you but does no damage. x2
The gnoll barely misses you. The gnoll hits you but does no damage.
The gnoll closely misses you.
The gnoll hits you from afar with a +0 spear.
* * * LOW HITPOINT WARNING * * *
The gnoll hits you but does no damage.
The gnoll hits you but does no damage. x2
The gnoll hits you but does no damage. x2
The gnoll closely misses you. The gnoll hits you but does no damage.
The gnoll hits you from afar with a +0 spear.
* * * LOW HITPOINT WARNING * * *
The gnoll hits you but does no damage. The gnoll misses you.
The gnoll hits you from afar with a +0 spear.
* * * LOW HITPOINT WARNING * * *
The gnoll closely misses you.
The gnoll hits you from afar with a +0 spear.
* * * LOW HITPOINT WARNING * * *
The gnoll barely misses you. x2
The gnoll closely misses you. The gnoll barely misses you.
The gnoll barely misses you.
The gnoll hits you from afar with a +0 spear.
* * * LOW HITPOINT WARNING * * *
There is a stone staircase leading up here.
The gnoll hits you from afar with a +0 spear.
You die...

#>.####.....##.#.......###
# #.###
##...###.#.........########
....# #####
#.#########......... ....#
#.##############.... ....#
#................... ....#
#####.....##.....### #####
##..............##
#................#
#@.g.............#
#..g..............
#.................
#................#
#................#
##..............##
##.....##.....##
##############


You could see 2 gnolls.

Vanquished Creatures
  Crazy Yiuf (D:2)
  A gnoll (D:3)
  2 adders
  2 worms (D:3)
  A dart slug (D:1)
  5 endoplasms
  2 giant cockroaches
  5 goblins
  6 hobgoblins
  11 kobolds
  4 quokkas
  6 ball pythons
  4 bats
  8 frilled lizards
  5 rats
63 creatures vanquished.

Vanquished Creatures (others)
  12 fungi
12 creatures vanquished.

Grand Total: 75 creatures vanquished

Notes
Turn   | Place    | Note
-------+----------+-------------------------------------------
     0 | D:1      | Plasmagod the Minotaur Monk began the quest for the Orb.
     0 | D:1      | Reached XP level 1. HP: 19/19 MP: 0/0
   242 | D:1      | Reached skill level 4 in Fighting
   380 | D:1      | Reached XP level 2. HP: 28/28 MP: 1/1
   719 | D:1      | Reached skill level 5 in Fighting
   857 | D:1      | Reached XP level 3. HP: 35/35 MP: 2/2
   858 | D:1      | Found a faded altar of an unknown god.
   861 | D:1      | Prayed at the altar of an unknown god.
   861 | D:1      | Became a worshipper of Cheibriados the Contemplative
   861 | D:1      | Reached * piety under Cheibriados
   861 | D:1      | Reached ** piety under Cheibriados
  1025 | D:2      | Reached *** piety under Cheibriados
  1898 | D:2      | Found a runed translucent door.
  1899 | D:2      | Noticed Crazy Yiuf
  1906 | D:2      | Killed Crazy Yiuf
  1907 | D:2      | Reached skill level 6 in Fighting
  1907 | D:2      | Reached XP level 4. HP: 21/44 MP: 3/3
  2384 | D:3      | Reached **** piety under Cheibriados
  2663 | D:3      | HP: 1/45 [gnoll/+0 spear (3)]
  2668 | D:3      | Slain by a gnoll

Illustrated notes

Levels and vault maps discovered:
D:1:      scummos_arrival_checkerplants, layout_basic,
          shapermc_ecumenical_altar_mp_vishouse
D:2:      layout_loops_ring, minmay_misc_feat_rows, minmay_misc_feat_rugged,
          uniq_crazy_yiuf_cottage
D:3:      layout_rooms, dreamdust_mushroom_princess, corner_web_ring,
          mrwooster_statue_mirror, grunt_ministairs_3

Skill      XL: |  1  2  3 |
---------------+----------+-----
Fighting       | 4 5 6 |  6.8
Axes           | |  3.6
Dodging        | |  3.2
Stealth        | |  1.5

Action                   |  1- 3 |  4- 6 || total
-------------------------+-------+-------++-------
Melee: Hand axe          |    87 |    31 ||   118
       Headbutt          |    16 |     6 ||    22
 Stab: Sleeping          |     1 |       ||     1
Armor: Robe              |     5 |       ||     5
       Chain mail        |    38 |    28 ||    66
Dodge: Dodged            |    35 |    35 ||    70

Table legend: (Time is in decaauts)
 A = Elapsed time spent in this place.
 B = Non-inter-level travel time spent in this place.
 C = Inter-level travel time spent in this place.
 D = Time resting spent in this place.
 E = Time spent auto-exploring this place.
 F = Levels seen in this place.
 G = Mean time per level.
                   A        B        C        D        E       F      G
               +--------+--------+--------+--------+--------+-----+--------+
         Total |   3591 |   3495 |     96 |      0 |   3038 |   3 | 1197.0 |
       Dungeon |   3591 |   3495 |     96 |      0 |   3038 |   3 | 1197.0 |
               +--------+--------+--------+--------+--------+-----+--------+

Top non-repeatable levels by time:
     D:2: 1653 daAuts
     D:1: 1053 daAuts
     D:3: 885 daAuts
